 Dungeon Crawl Stone Soup version 0.27.1-3-gb3d3a73c9e (webtiles) character file.

Game seed: 16544388423659499421

51891 raph the Nimble (level 14, -3/77 (79) HPs)
             Began as a Deep Elf Fire Elementalist on Oct 27, 2021.
             Was a High Priest of Sif Muna.
             Slain by a sun demon (10 damage)
             ... summoned by an orc high priest
             ... on level 2 of the Orcish Mines.
             The game lasted 01:01:37 (31090 turns).

raph the Nimble (Deep Elf Fire Elementalist)       Turns: 31090, Time: 01:01:37

HP:   -3/77 (79)    AC: 14    Str:  7    XL:     14   Next: 25%
MP:   23/40         EV: 33    Int: 24    God:    Sif Muna [*****.]
Gold: 1427          SH:  6    Dex: 19    Spells: 9/35 levels left

rFire    . . .     SeeInvis .   X - +2 scimitar (flame)
rCold    . . .     Faith    .   D - +0 buckler of Subjectivity {Dex+4}
rNeg     . . .     Spirit   .   y - +0 acid dragon scales
rPois    .         Reflect  .   m - +2 helmet
rElec    .         Harm     .   u - +0 cloak
rCorr    +         Rampage  .   (no gloves)
Will     +....                  (no boots)
Stlth    ++++......             p - amulet of the acrobat
HPRegen  0.22/turn              f - +4 ring of protection
MPRegen  0.27/turn              g - ring of magical power

@: acrobatic, lightly drained
A: no striking features
a: Renounce Religion, Channel Magic, Forget Spell, Divine Exegesis


You were on level 2 of the Orcish Mines.
You worshipped Sif Muna.
Sif Muna was extremely pleased with you.
You visited 3 branches of the dungeon, and saw 17 of its levels.
You also visited: Bailey.

You collected 2235 gold pieces.
You spent 808 gold pieces at shops.

Inventory:

Hand Weapons
 a - a +1 quarterstaff
 E - a +2 falchion of freezing
 H - a +2 dagger of electrocution
 O - a +0 scimitar
 X - a +2 scimitar of flaming (weapon)
Missiles
 d - 16 atropa-tipped darts
 l - 10 throwing nets
 L - 15 poisoned darts
Armour
 m - a +2 helmet (worn)
 u - a +0 cloak (worn)
 y - +0 acid dragon scales (worn)
 D - the +0 buckler of Subjectivity (worn) {Dex+4}
   (You bought it in a shop on level 5 of the Dungeon)

   Dex:       It affects your dexterity (+4).
Magical Staves
 V - a staff of death
Jewellery
 f - a +4 ring of protection (left hand)
 g - a ring of magical power (right hand)
 k - a +4 ring of protection
 o - a ring of poison resistance
 p - an amulet of the acrobat (around neck)
 s - an amulet of regeneration
 A - an amulet of magic regeneration
 B - a ring of ice
 G - a ring of flight
Wands
 b - a wand of iceblast (15)
 x - a wand of flame (21)
 C - a wand of paralysis (8)
 Q - a wand of digging (6)
 T - a wand of acid (16)
 U - a wand of charming (18)
Scrolls
 c - 2 scrolls of amnesia
 q - a scroll of magic mapping
 r - a scroll of holy word
 t - 4 scrolls of teleportation
 v - 2 scrolls of immolation
 J - 7 scrolls of identify
 K - a scroll of blinking
 M - a scroll of fog
 S - a scroll of silence
Potions
 e - a potion of resistance
 h - 3 potions of flight
 i - 11 potions of curing
 j - 2 potions of berserk rage
 n - a potion of magic
 w - 7 potions of haste
 z - 4 potions of brilliance
 I - a potion of attraction
 N - a potion of cancellation
 P - 3 potions of lignification
 W - a potion of mutation


   Skills:
 + Level 5.9 Fighting
 * Level 3.9 Long Blades
 * Level 12.0 Dodging
 + Level 8.3 Stealth
 - Level 4.0 Shields
 + Level 11.1 Spellcasting
 - Level 10.1 Conjurations
 * Level 6.8 Summonings
 * Level 7.5 Necromancy
 - Level 10.6 Fire Magic
 * Level 10.9 Invocations


You had 9 spell levels left.
You knew the following spells:

 Your Spells              Type           Power      Damage    Failure   Level
a - Foxfire               Conj/Fire      100%       2x1d9     1%          1
b - Conjure Flame         Conj/Fire      59%        6-21      1%          3
c - Sticky Flame          Conj/Fire      59%        2d7       1%          4
d - Fireball              Conj/Fire      29%        3d13      3%          5
e - Inner Flame           Hex/Fire       38%        N/A       3%          3
f - Summon Ice Beast      Ice/Summ       29%        N/A       22%         4
g - Animate Dead          Necr           24%        N/A       4%          4
h - Call Imp              Summ           46%        N/A       1%          2

Your spell library contained the following spells:

 Spells                   Type           Power      Damage    Failure   Level
 Magic Dart               Conj           100%       1d8       1%          1
 Shock                    Conj/Air       100%       1d9       1%          1
 Summon Small Mammal      Summ           100%       N/A       1%          1
 Sublimation of Blood     Necr           24%        N/A       1%          2
 Call Canine Familiar     Summ           46%        N/A       1%          3
 Corpse Rot               Necr/Air       N/A        N/A       3%          2
 Dispel Undead            Necr           49%        3d18      4%          4
 Mephitic Cloud           Conj/Pois/Air  29%        N/A       7%          3
 Summon Guardian Golem    Hex/Summ       29%        N/A       7%          3
 Freeze                   Ice            52%        1d7       9%          1
 Ensorcelled Hibernation  Hex/Ice        26%        N/A       14%         2
 Poisonous Vapours        Pois/Air       26%        N/A       14%         2
 Frozen Ramparts          Ice            26%        1d4       26%         3
 Spider Form              Tmut/Pois      6%         N/A       26%         3
 Freezing Cloud           Conj/Ice/Air   14%        6-21      52%         5
 Death Channel            Necr           24%        N/A       54%         6
 Shadow Creatures         Summ           N/A        N/A       63%         6
 Ice Form                 Ice/Tmut       13%        N/A       65%         4
 Haunt                    Necr/Summ      23%        N/A       99%         7
 Borgnjor's Revivificati  Necr           24%        N/A       100%        8
 Infestation              Necr           24%        N/A       100%        8
 Polar Vortex             Ice            6%         N/A       100%        9


Dungeon Overview and Level Annotations

Branches:
Dungeon (10/15)            Temple (0/1) D:5            Lair (5/6) D:9
 Shoals (0/4) Lair:4        Snake (0/4) Lair:2        Slime (0/5) Lair:5
    Orc (2/2) D:10            Elf (0/3) Orc:2        Bailey (visited)

Altars:
Ashenzari
Nemelex Xobeh
Qazlal
Ru
Sif Muna
Wu Jian
Jiyva

Shops:
D:5 *   Orc:2 **

Annotations:
D:3 blink (sif muna)
D:8 3 runed translucent doors, Garym's ghost, novice MiFi


Message History

The orc sorcerer burns!
The orc sorcerer closely misses you.
You riposte.
You slash the orc sorcerer! You burn the orc sorcerer.
The orc sorcerer is severely wounded.
You closely miss the orc sorcerer.
The orc sorcerer is severely wounded.
The orc sorcerer burns!
The orc sorcerer closely misses you.
You riposte.
You hit the orc sorcerer but do no damage.
The orc sorcerer is severely wounded.
You hit the orc sorcerer but do no damage.
The orc sorcerer is severely wounded.
The orc sorcerer burns! x2
The orc knight roars a battlecry!
The orc sorcerer goes into a battle-frenzy!
The orc sorcerer gestures wildly while chanting.
You hit the orc sorcerer but do no damage.
The orc sorcerer is almost dead.
The orc sorcerer burns!
The orc high priest invokes the aid of Beogh against you.
You resist with some effort.
The orc sorcerer points at you and mumbles some strange words.
The bolt of negative energy hits you!!
You feel drained.
The orc high priest mumbles some strange prayers to Beogh.
The orc knight roars a battlecry!
The orc warrior goes into a battle-frenzy!
Your magical contamination has completely faded away.
You hit the orc sorcerer. You burn the orc sorcerer.
You kill the orc sorcerer!
Sif Muna accepts your kill.
The neqoxec disappears in a puff of smoke!
The orc warrior no longer looks unusually strong.
The orc high priest no longer looks unusually strong.
The sun demon hits you!
You are engulfed in flames!!
Your Dodging skill increases to level 12!
The orc warrior hits you with a +0 flail!!
* * * LOW HITPOINT WARNING * * *
The orc high priest starts to sing a prayer.
Things that are here:
a +0 dagger of venom; a +1 robe of willpower; an orc corpse The sun demon hits you!
You die...

...............................).
......................#........))
.......................#........)
...................^...........)#
................................#
.............................#...
.......###########.###########...
......## ######.###### #.##
.......# #...@3o.....### #...
....#..# #...####.####...## #...
...###.# #.. #.# ###o.###.#. ..##
.# . #ยง# ##.o##..# .......# #o#
##.##.## ..#....# #o# #)##..#
####...# .). #..))##... ..##
..... ##)o###... ## .......


#oo #... You could see a sun demon (summoned) and an orc warrior (strong).

Vanquished Creatures
  Rupert (Lair:3)
  Josephine (D:10)
  4 hydras
  A catoblepas (Lair:4)
  Erica (Lair:1)
  14 death yaks
  2 orc high priests (Orc:2)
  A two-headed ogre (D:9)
  4 orc knights
  4 orc sorcerers (Orc:2)
  A merfolk siren (Lair:4)
  3 black mambas
  Maggie (D:6)
  6 komodo dragons
  Psyche (D:8)
  5 rime drakes
  10 cane toads
  4 trolls
  2 merfolk (Lair:4)
  3 polar bears
  Prince Ribbit (D:6)
  6 blink frogs
  7 dream sheep
  2 spriggans
  4 wraiths
  A wyvern (Lair:3)
  52 yaks
  5 basilisks
  A steam dragon (D:8)
  A warg (Orc:1)
  2 acid dragons (D:10)
  Duvessa (D:6)
  6 water moccasins
  A swamp drake (D:10)
  21 orc warriors
  2 sky beasts
  10 wolves
  An ice beast (D:6)
  6 ogres
  A phantom (D:7)
  5 centaurs
  4 kobold brigands
  Blork the orc (D:5)
  17 bullfrogs
  9 gnoll sergeants
  2 scorpions
  Dowan (D:6)
  A water moccasin skeleton (D:5)
  A wight (D:6)
  4 howler monkeys
  A centaur zombie (D:9)
  4 hounds
  A jelly (D:6)
  A bullfrog skeleton (D:5)
  2 iguanas
  7 gnoll shamans
  13 orc priests
  18 orc wizards
  2 hell rats (D:9)
  A hound skeleton (D:4)
  2 howler monkey zombies
  29 gnolls
  6 adders
  2 river rats (D:9)
  4 white imps
  An ufetubus (D:6)
  An adder skeleton (D:4)
  3 worms
  2 dart slugs
  76 orcs
  2 bats (D:3)
  7 endoplasms
  2 giant cockroaches
  7 goblins
  5 hobgoblins
  7 jackals
  21 kobolds
  7 quokkas
  3 ball pythons
  2 frilled lizards
  6 rats
  A bush (Lair:5)
491 creatures vanquished.

Vanquished Creatures (collateral kills)
  2 wraiths (D:10)
  3 yaks
  An orc (D:5)
  2 foxfires (Lair:3)
8 creatures vanquished.

Vanquished Creatures (others)
  2 death yaks (Lair:5)
  An orc wizard (D:3)
  827 foxfires
  31 fungi
  53 plants
914 creatures vanquished.

Grand Total: 1413 creatures vanquished

Notes
Turn   | Place    | Note
-------+----------+-------------------------------------------
     0 | D:1      | raph the Deep Elf Fire Elementalist began the quest for the
                  | Orb.
     0 | D:1      | Reached XP level 1. HP: 10/10 MP: 6/6
   540 | D:1      | Reached XP level 2. HP: 15/15 MP: 6/8
  1843 | D:3      | Reached XP level 3. HP: 19/19 MP: 5/9
  1925 | D:3      | Learned a level 3 spell: Conjure Flame
  2257 | D:3      | Reached skill level 3 in Dodging
  2257 | D:3      | Reached XP level 4. HP: 24/24 MP: 1/11
  2980 | D:3      | Learned a level 4 spell: Sticky Flame
  3001 | D:3      | Reached XP level 5. HP: 28/28 MP: 2/12
  3252 | D:3      | Found a shimmering blue altar of Sif Muna.
  3262 | D:3      | Became a worshipper of Sif Muna the Loreminder
  3863 | D:4      | Found a broken altar of Ashenzari.
  3923 | D:4      | Reached skill level 5 in Fire Magic
  3923 | D:4      | Reached XP level 6. HP: 32/32 MP: 14/14
  4111 | D:4      | Noticed an orc warrior
  4332 | D:4      | Killed an orc warrior
  4333 | D:4      | Reached XP level 7. HP: 36/36 MP: 16/16
  4499 | D:4      | Reached skill level 5 in Spellcasting
  4499 | D:4      | Reached skill level 5 in Conjurations
  4707 | D:4      | Learned a level 5 spell: Fireball
  4879 | D:4      | Reached * piety under Sif Muna
  5003 | D:4      | Found a sparkling altar of Nemelex Xobeh.
  5108 | D:5      | Entered Level 5 of the Dungeon
  5135 | D:5      | Found a staircase to the Ecumenical Temple.
  5431 | D:5      | Found Buishrem's Assorted Antiques.
  5436 | D:5      | Bought a scroll labelled HUPUEN JEAMM for 22 gold pieces
  5458 | D:5      | Reached XP level 8. HP: 37/41 MP: 18/18
  5726 | D:5      | Found a stormy altar of Qazlal.
  5803 | D:5      | Noticed Blork the orc
  5812 | D:5      | Killed Blork the orc
  6166 | D:6      | Noticed Prince Ribbit
  6171 | D:6      | Killed Prince Ribbit
  6202 | D:6      | Reached ** piety under Sif Muna
  6378 | D:6      | Noticed Maggie
  6386 | D:6      | Killed Maggie
  6707 | D:6      | Noticed Duvessa
  6708 | D:6      | Noticed Dowan
  6712 | D:6      | Killed Duvessa
  6712 | D:6      | Killed Dowan
  6713 | D:6      | Reached XP level 9. HP: 45/45 MP: 14/21
  7562 | D:5      | Bought an ichor-stained buckler for 209 gold pieces
  7562 | D:5      | Identified the +0 buckler of Subjectivity {Dex+4} (You
                  | bought it in a shop on level 5 of the Dungeon)
  8120 | D:7      | Found a flagged portal.
  8135 | Bailey   | Entered a bailey
  8137 | Bailey   | Reached skill level 1 in Shields
  8154 | Bailey   | Reached skill level 1 in Invocations
  8357 | Bailey   | Learned a level 3 spell: Inner Flame
  8463 | Bailey   | Reached skill level 1 in Fighting
  8553 | Bailey   | Reached *** piety under Sif Muna
  9375 | D:5      | Bought 2 scrolls of identify for 88 gold pieces
  9375 | D:5      | Bought a scroll of blinking for 165 gold pieces
  9375 | D:5      | Bought a scroll of identify for 44 gold pieces
  9515 | D:3      | Got Sif Muna's Almanac of Air
  9972 | D:7      | Found an ornate altar of the Wu Jian Council.
 10316 | D:8      | Reached XP level 10. HP: 52/52 MP: 23/24
 10833 | D:8      | Reached skill level 4 in Dodging
 11067 | D:8      | Noticed Psyche
 11070 | D:8      | Killed Psyche
 11166 | D:8      | Found a sacrificial altar of Ru.
 11229 | D:8      | Found a runed translucent gate.
 11229 | D:8      | Found a runed translucent gate.
 11229 | D:8      | Found a runed translucent gate.
 11230 | D:8      | Noticed Garym's ghost (novice MiFi)
 11366 | D:9      | Reached skill level 10 in Fire Magic
 11400 | D:9      | Noticed a death yak
 11401 | D:9      | Noticed a death yak
 11401 | D:9      | Noticed a two-headed ogre
 11410 | D:9      | Killed a death yak
 11410 | D:9      | Noticed a death yak
 11413 | D:9      | Killed a two-headed ogre
 11414 | D:9      | Reached skill level 5 in Dodging
 11417 | D:9      | Killed a death yak
 11422 | D:9      | Killed a death yak
 11423 | D:9      | Reached skill level 6 in Dodging
 11423 | D:9      | Reached skill level 5 in Invocations
 11802 | D:9      | Reached **** piety under Sif Muna
 11923 | D:9      | Reached XP level 11. HP: 59/59 MP: 7/25
 12218 | D:9      | Found a staircase to the Lair.
 12556 | D:9      | Got the Tome of Frigorific Necromancy
 12566 | D:9      | Learned a level 4 spell: Summon Ice Beast
 13074 | D:10     | Entered Level 10 of the Dungeon
 13300 | D:10     | Noticed Josephine
 13499 | D:10     | Reached skill level 10 in Conjurations
 13610 | D:10     | Learned a level 4 spell: Animate Dead
 14185 | D:10     | Reached skill level 7 in Dodging
 14322 | D:10     | Reached skill level 1 in Necromancy
 14428 | D:10     | Reached skill level 1 in Summonings
 14883 | D:10     | Killed Josephine
 15047 | Lair:1   | Entered Level 1 of the Lair of Beasts
 15284 | Lair:1   | Reached skill level 8 in Dodging
 15957 | Lair:1   | Noticed Erica
 15969 | Lair:1   | Killed Erica
 16327 | Lair:1   | Reached skill level 5 in Stealth
 16329 | Lair:1   | Reached XP level 12. HP: 63/66 MP: 14/27
 17054 | Lair:2   | Found a gate leading to a gauntlet.
 17103 | Lair:1   | Reached skill level 9 in Dodging
 17742 | Lair:2   | Found a staircase to the Snake Pit.
 17962 | Lair:2   | Noticed a five-headed hydra
 17968 | Lair:2   | Killed a four-headed hydra
 18186 | Lair:2   | Learned a level 2 spell: Call Imp
 18239 | Lair:2   | Reached ***** piety under Sif Muna
 19085 | Lair:3   | Noticed a seven-headed hydra
 19086 | Lair:3   | Received a gift from Sif Muna
 19231 | Lair:3   | Noticed a death yak
 19232 | Lair:3   | Noticed a death yak
 19232 | Lair:3   | Noticed a death yak
 19232 | Lair:3   | Noticed a death yak
 19232 | Lair:3   | Noticed a death yak
 19255 | Lair:2   | Killed a death yak
 19256 | Lair:2   | Reached skill level 10 in Dodging
 19256 | Lair:2   | Reached skill level 10 in Spellcasting
 19256 | Lair:2   | Reached skill level 5 in Necromancy
 19537 | Lair:2   | Killed a six-headed hydra
 19971 | Lair:3   | Killed a death yak
 20515 | Lair:3   | Reached skill level 5 in Fighting
 20515 | Lair:3   | Reached XP level 13. HP: 72/72 MP: 22/29
 21270 | Lair:3   | Reached skill level 5 in Summonings
 21349 | Lair:3   | Noticed Rupert
 21376 | Lair:3   | Killed Rupert
 22568 | Lair:3   | Reached skill level 10 in Invocations
 22583 | Lair:3   | Reached skill level 11 in Dodging
 22905 | Lair:4   | Reached skill level 1 in Long Blades
 23227 | Lair:4   | Found a staircase to the Shoals.
 26204 | Lair:5   | Found a viscous altar of Jiyva.
 26204 | Lair:5   | Found a staircase to the Slime Pits.
 28787 | D:10     | Found a staircase to the Orcish Mines.
 28936 | Orc:1    | Entered Level 1 of the Orcish Mines
 28954 | D:10     | Reached XP level 14. HP: 46/79 MP: 10/31
 29903 | Orc:2    | Entered Level 2 of the Orcish Mines
 29903 | Orc:2    | Found a staircase to the Elven Halls.
 29979 | Orc:2    | Found Vareox's Gadget Gallery.
 29993 | Orc:2    | Bought a wand of digging (6) for 280 gold pieces
 30487 | Orc:2    | Found Lamoclea's Assorted Antiques.
 30496 | Orc:2    | Received a gift from Sif Muna
 31089 | Orc:2    | Reached skill level 12 in Dodging
 31090 | Orc:2    | Slain by a sun demon

Illustrated notes

Levels and vault maps discovered:
D:1:      arrival_zaba_pyramid, layout_basic, amethyst_killhole
D:2:      layout_basic
D:3:      layout_basic, led_sif_book, serial_glass, glass_columns_a,
          glass_columns_c, glass_columns_b, glass_columns_a, glass_columns_a,
          glass_columns_c, glass_columns_c, glass_columns_a, glass_columns_a,
          glass_columns_a, glass_columns_b, glass_columns_b, glass_columns_a,
          glass_columns_c
D:4:      wander_river, layout_rooms, kennysheep_little_box,
          nemelex_diamond_rough_becter, chequers_hall_statues_y
D:5:      layout_cave_pools, nicolae_overflow_crystal_walls,
          minmay_temple_entry_sparse_star, serial_shops, shop_statue,
          corner_web_ring, st_stairs_5, uniq_blork_the_orc
D:6:      layout_gridville, wad_floor_pattern_1,
          minmay_fractal_squares_gapless_5, uniq_maggie, uniq_duvessa,
          uniq_prince_ribbit1
D:7:      layout_rooms, lemuel_coloured_pillars_altar, enter_bailey_5,
          kennysheep_small_spiral
D:8:      layout_gridville, kennysheep_mini_moat, ebering_ghost_rock_garden,
          uniq_psyche
D:9:      layout_loops_ring, dpeg_lair_monsters, special_room [special_room_orc]
D:10:     minmay_general_purpose_star, layout_small_grid, erik_orc_1,
          uniq_josephine
Lair:1:   layout_loops_ring, nicolae_lair_grove_arrangements,
          grunt_megastairs_2, uniq_erica
Lair:2:   layout_hall_layers, dummy_snake_entry,
          portal_ice_cave_entry_pillars_1, gauntlet_entry_generic,
          lemuel_fruit_fields
Lair:3:   cheibrodos_lair_river_kwai, layout_misc_corridors, patterned_corridor,
          grunt_megastairs_4, serial_bayou_shore_a, uniq_rupert
Lair:4:   layout_roguey, elwin_shoals_entry_stream,
          grunt_forest_large_clearing_hut
Lair:5:   layout_small_grid, dpeg_slime_entry_enclosed_altar, wad_woods_03,
          lemuel_fruit_fields
Orc:1:    layout_diamond_mine, nicolae_orc_bridge_out
Orc:2:    st_orc_elflike, layout_caves, nicolae_shop_gadgets

Skill      XL: |  1  2  3  4  5  6  7  8  9 10 11 12 13 14 |
---------------+-------------------------------------------+-----
Conjurations   | 2 3 4 6 8 9 10 | 10.1
Stealth        | 3 4 5 6 8 |  8.3
Fire Magic     | 4 5 7 8 9 10 | 10.6
Dodging        | 3 6 8 10 11 12 | 12.0
Spellcasting   | 4 5 7 8 9 10 11 | 11.1
Shields        | 2 4 |  4.0
Invocations    | 2 5 7 9 10 | 10.9
Fighting       | 1 2 4 5 |  5.9
Necromancy     | 3 5 6 7 |  7.5
Summonings     | 3 4 6 |  6.8
Long Blades    | 3 |  3.9

Action                   |  1- 3 |  4- 6 |  7- 9 | 10-12 | 13-15 || total
-------------------------+-------+-------+-------+-------+-------++-------
Melee: Quarterstaff      |    13 |    10 |     5 |       |       ||    28
       Falchion          |       |       |    12 |    71 |       ||    83
       Scimitar          |       |       |       |    39 |   120 ||   159
 Cast: Foxfire           |    47 |    90 |   273 |    60 |    18 ||   488
       Conjure Flame     |     4 |     3 |     1 |     5 |     3 ||    16
       Sticky Flame      |       |     3 |    12 |    95 |    81 ||   191
       Fireball          |       |       |    38 |   128 |   111 ||   277
       Inner Flame       |       |       |     1 |     4 |       ||     5
       Haunt             |       |       |       |     1 |       ||     1
       Animate Dead      |       |       |       |     3 |     5 ||     8
       Call Imp          |       |       |       |     3 |     4 ||     7
       Summon Ice Beast  |       |       |       |     1 |     1 ||     2
Invok: Channel Magic     |       |       |     2 |     2 |     1 ||     5
       Divine Exegesis   |       |       |       |     1 |       ||     1
Evoke: Wand              |       |       |     1 |       |     4 ||     5
  Use: Scroll            |     8 |     1 |     9 |    11 |     3 ||    32
       Potion            |       |       |     1 |     1 |     4 ||     6
 Stab: Sleeping          |     3 |     1 |       |     1 |       ||     5
Armor: Robe              |     1 |    10 |     2 |       |       ||    13
       Acid dragon scale |       |       |    12 |    87 |    90 ||   189
Dodge: Dodged            |    10 |    18 |    46 |   165 |   194 ||   433
Block: Buckler           |       |       |    16 |    83 |    48 ||   147
       Rpst.: Falchion   |       |       |     6 |    26 |       ||    32
       Scimitar          |       |       |       |    27 |    49 ||    76
